 Dungeon Crawl Stone Soup version 0.29.1-1-gd02db6906a (webtiles) character file.

Game seed: 12763808303815007856

2159 styxcanada the Covert (level 9, -1/44 HPs)
             Began as a Spriggan Brigand on Oct 10, 2022.
             Was an Initiate of Gozag.
             Succumbed to a gnoll sergeant's poison
             ... on level 6 of the Dungeon on Oct 12, 2022.
             The game lasted 00:26:05 (6179 turns).

styxcanada the Covert (Spriggan Brigand)            Turns: 6179, Time: 00:26:06

Health: -1/44      AC: 12    Str:  7    XL:     9   Next: 10%
Magic:  16/16      EV: 22    Int: 13    God:    Gozag
Gold:   476        SH:  0    Dex: 20    Spells: 14/16 levels left

rFire   . . .      SeeInvis +   E - +3 dagger (venom)
rCold   . . .      Faith    .   (no shield)
rNeg    . . .      Spirit   .   b - +0 robe
rPois   .          Reflect  .   (helmet restricted)
rElec   .          Harm     .   c - +1 cloak
rCorr   .          Rampage  .   (gloves unavailable)
Will    +....                   (boots unavailable)
Stlth   +++++.....              (no amulet)
HPRegen 0.14/turn               r - +4 ring of protection
MPRegen 0.15/turn               g - +4 ring of protection

@: lethally poisoned (-1 -> -37), very quick
A: very small, no large weapons, unfitting armour, see invisible, speed 3
a: Renounce Religion, Potion Petition, Call Merchant, Bribe Branch


You were on level 6 of the Dungeon.
You worshipped Gozag.
Gozag was aware of your devotion.
You visited 2 branches of the dungeon, and saw 7 of its levels.
You also visited: Ossuary.

You collected 552 gold pieces.
You paid 76 gold pieces to Gozag.

Inventory:

Hand Weapons
 a - a +2 dagger
 u - a +2 dagger of flaming
 y - a +4 flail of holy wrath
 E - a +3 dagger of venom (weapon)
 F - a +2 sling of flaming
Missiles
 h - 18 poisoned darts
 i - 35 stones (quivered)
 k - 2 curare-tipped darts
Armour
 b - a +0 robe (worn)
 c - a +1 cloak (worn)
Jewellery
 g - a +4 ring of protection (right hand)
 r - a +4 ring of protection (left hand)
 s - a ring of ice
 t - a ring of poison resistance
Wands
 j - a wand of flame (13)
Scrolls
 m - a scroll of enchant armour
 n - 3 scrolls of magic mapping
 p - 4 scrolls of fear
Potions
 d - a potion of attraction {unknown}
 e - a potion of mutation {unknown}
 f - 3 potions of curing
 l - 3 potions of brilliance {unknown}
 o - 3 potions of haste
 q - 2 potions of magic
 v - a potion of berserk rage
 w - 2 potions of heal wounds
 x - a potion of cancellation {unknown}
 z - 2 potions of flight
 A - a potion of lignification
 C - a potion of degeneration {unknown}
 D - 2 potions of might {unknown}


   Skills:
 * Level 3.4 Fighting
 + Level 5.1 Short Blades
 + Level 0.6 Ranged Weapons
 + Level 3.8 Throwing
 * Level 6.6 Dodging
 * Level 11.7 Stealth
 * Level 4.4 Spellcasting
 * Level 5.3 Translocations


You had 14 spell levels left.
You knew the following spells:

 Your Spells              Type           Power      Damage    Failure   Level
a - Blink                 Tloc           32%        N/A       3%          2

Your spell library contained the following spells:

 Spells                   Type           Power      Damage    Failure   Level
 Lesser Beckoning         Tloc           16%        N/A       7%          3
 Frozen Ramparts          Ice            4%         1d1       52%         3
 Manifold Assault         Tloc           16%        N/A       52%         5
 Anguish                  Hex/Necr       1%         N/A       89%         4
 Ice Form                 Ice/Tmut       2%         N/A       89%         4
 Summon Ice Beast         Ice/Summ       2%         N/A       89%         4
 Enfeeble                 Hex            1%         N/A       100%        7
 Haunt                    Necr/Summ      1%         N/A       100%        7
 Infestation              Necr           1%         N/A       100%        8
 Animate Dead             Necr           Unusable   N/A       N/A         4

Dungeon Overview and Level Annotations

Branches:
Dungeon (6/15)             Temple (1/1) D:4         Ossuary (visited)

Altars:
Gozag
Makhleb
Qazlal
Ru
Sif Muna
Yredelemnul
Zin


Innate Abilities, Weirdness & Mutations

You are very small and have problems with some larger weapons.
You are too small for most types of armour.
You have supernaturally acute eyesight. (SInv)
You cover ground extremely quickly. (Speed+++)


Message History

You puncture the gnoll!
The gnoll is almost dead.
You hit the gnoll.
You kill the gnoll!
The gnoll sergeant is no longer distracted by gold.
Things that are here:
13 gold pieces; a +0 club The gnoll sergeant closely misses you.
The gnoll sergeant closely misses you.
Things that are here:
4 gold pieces; a +0 flail The gnoll shouts!
You hit the gnoll sergeant but do no damage.
The gnoll sergeant is poisoned.
You hit the gnoll sergeant but do no damage.
The gnoll sergeant is distracted by your dazzling golden aura.
The gnoll sergeant shouts!
You hit the gnoll sergeant.
The gnoll sergeant looks as sick as possible!
The gnoll sergeant is no longer distracted by gold.
The gnoll sergeant is lightly wounded.
You barely miss the gnoll sergeant.
The gnoll sergeant is moderately wounded.
The gnoll sergeant misses you. The gnoll barely misses you.
The gnoll sergeant hits you from afar with a +4 spear of venom!
You are lethally poisoned!
Things that are here:
5 gold pieces; a +0 spear You hit the gnoll but do no damage.
The gnoll is poisoned.
You feel very sick.
You hit the gnoll.
The gnoll looks as sick as possible!
The gnoll is lightly wounded.
You feel very sick.
The gnoll sergeant hits you from afar with a +4 spear of venom!
* * * LOW HITPOINT WARNING * * *
You are more poisoned.
The gnoll completely misses you.
You die...
Your body crumbles into a pile of gold.

.........#............
##...................#
#.....#.............#
##....###............
#.#....##$............#
#..#..#.........#..⌠..#
.....##...........#.....#
...###..###...$..##.....#
... #...##...g.@##....#
.. #........#.$#...# .
.........#..g..#
#.........##....#
#........)..##..####
............#.....##
#..................#
#...........###..###
...........#....##


You could see a gnoll sergeant (very poisoned) and a gnoll (extremely poisoned).

Vanquished Creatures
  Grinder (D:4)
  Sigmund (D:5)
  Menkaure (D:4)
  Edmund (D:4)
  Duvessa (D:4)
  2 black bears
  An ogre (D:5)
  4 elf zombies (Ossuary)
  3 scorpions
  Dowan (D:4)
  4 centaur zombies (Ossuary)
  4 human zombies (Ossuary)
  2 jellies
  4 orc priests (D:5)
  An orc wizard (D:5)
  4 mummies
  8 adders
  3 gnolls (D:6)
  3 ufetubi
  2 worms (D:2)
  2 dart slugs (D:1)
  8 orcs (D:5)
  2 endoplasms (D:1)
  4 giant cockroaches
  13 goblins
  9 hobgoblins
  7 jackals
  6 quokkas
  5 ball pythons
  2 bats (D:3)
  3 frilled lizards
  A goblin zombie (D:4)
  7 kobolds
  An orc zombie (D:4)
  6 rats
127 creatures vanquished.

Notes
Turn   | Place    | Note
-------+----------+-------------------------------------------
     0 | D:1      | styxcanada the Spriggan Brigand began the quest for the
                  | Orb.
     0 | D:1      | Reached XP level 1. HP: 10/10 MP: 2/2
   183 | D:1      | Reached skill level 6 in Stealth
   285 | D:1      | Reached XP level 2. HP: 15/15 MP: 3/3
   826 | D:1      | Reached XP level 3. HP: 15/18 MP: 4/4
  1298 | D:2      | Reached skill level 7 in Stealth
  1912 | D:2      | Reached XP level 4. HP: 21/23 MP: 5/5
  2408 | D:3      | Found a shimmering blue altar of Sif Muna.
  2452 | D:3      | Learned a level 2 spell: Blink
  2632 | D:3      | Found a faded altar of an unknown god.
  2852 | D:4      | Noticed a black bear
  2854 | D:4      | Noticed Edmund
  2857 | D:4      | Killed a black bear
  2858 | D:4      | Reached skill level 8 in Stealth
  2858 | D:4      | Reached skill level 1 in Translocations
  2858 | D:4      | Reached XP level 5. HP: 26/26 MP: 5/7
  2920 | D:4      | Killed Edmund
  2921 | D:4      | Reached skill level 1 in Spellcasting
  2921 | D:4      | Reached XP level 6. HP: 19/31 MP: 7/9
  3076 | D:4      | Found a sand-covered staircase.
  3081 | Ossuary  | Entered an ossuary
  3166 | Ossuary  | Reached skill level 9 in Stealth
  3214 | Ossuary  | Reached XP level 7. HP: 19/35 MP: 11/11
  3762 | Ossuary  | Reached skill level 5 in Dodging
  4149 | D:4      | Found a staircase to the Ecumenical Temple.
  4158 | Temple   | Entered the Ecumenical Temple
  4168 | Temple   | Became a worshipper of Gozag Ym Sagoz the Greedy
  4187 | D:4      | Noticed Menkaure
  4194 | D:4      | Killed Menkaure
  4195 | D:4      | Reached skill level 10 in Stealth
  4195 | D:4      | Reached XP level 8. HP: 40/40 MP: 13/13
  4241 | D:4      | Found a stormy altar of Qazlal.
  4242 | D:4      | Noticed Grinder
  4273 | D:4      | Paralysed by Grinder for 4 turns
  4283 | D:4      | Killed Grinder
  4322 | D:4      | Noticed Duvessa
  4363 | D:4      | Killed Duvessa
  4364 | D:4      | Reached skill level 5 in Short Blades
  4573 | D:4      | Noticed Dowan
  4600 | D:4      | Killed Dowan
  4642 | D:5      | Entered Level 5 of the Dungeon
  4731 | D:5      | Noticed Sigmund
  4778 | D:5      | Killed Sigmund
  4779 | D:5      | Reached skill level 11 in Stealth
  5160 | D:5      | Reached skill level 5 in Translocations
  5782 | D:5      | Reached XP level 9. HP: 44/44 MP: 16/16
  6179 | D:6      | Succumbed to a gnoll sergeant's poison

Illustrated notes

Levels and vault maps discovered:
D:1:      dpeg_arrival_connections, layout_loops_ring,
          chequers_serial_rivers_marsh, chequers_big_river
D:2:      layout_loops_cross, grunt_ministairs_15, kennysheep_generic_room_8
D:3:      layout_loops_ring, lemuel_blue_sif_altar,
          shapermc_ecumenical_altar_notcrosses
D:4:      layout_cave_pools, mainiacjoe_overflow_paths, temple_statues,
          nicolae_ossuary_entry_giza, corexii_checkpoint_a, uniq_edmund,
          uniq_duvessa, uniq_grinder, uniq_menkaure
D:5:      layout_basic, uniq_sigmund
D:6:      layout_cave_pools, nemelex_dance_club_becter, cheibrodos_worm_habitat,
          solitary_fountain, uniq_eustachio
Temple:   nicolae_temple_bog_church

Skill      XL: |  1  2  3  4  5  6  7  8 |
---------------+-------------------------+-----
Stealth        | 6 7 8 9 10 11 | 11.7
Dodging        | 2 3 5 6 |  6.6
Fighting       | 2 3 |  3.4
Short Blades   | 3 4 5 |  5.1
Translocations | 1 2 3 5 |  5.3
Spellcasting   | 1 2 3 4 |  4.4
Throwing       | 3 |  3.8
Ranged Weapons | |  0.6

Action                   |  1- 3 |  4- 6 |  7- 9 || total
-------------------------+-------+-------+-------++-------
Melee: Dagger            |   118 |   159 |   307 ||   584
       Punch             |     1 |     3 |     7 ||    11
 Fire: Sling             |     2 |       |     9 ||    11
Throw: Dart              |    15 |    17 |    47 ||    79
       Stone             |       |       |     1 ||     1
Evoke: Wand              |       |       |     3 ||     3
  Use: Scroll            |       |       |    18 ||    18
       Potion            |       |       |     2 ||     2
 Stab: Sleeping          |    13 |    11 |    13 ||    37
       Distracted        |     1 |       |     1 ||     2
Armor: Robe              |    13 |    28 |    53 ||    94
Dodge: Dodged            |    78 |    92 |   194 ||   364
